 Dungeon Crawl Stone Soup version 0.30-a0-29-g142975f185 (webtiles) character file.

Game seed: 5018403125521184748

954 Plasmagod the Magician (level 8, -6/50 HPs)
             Began as a Djinni Ice Elementalist on Aug 26, 2022.
             Killed from afar by a white imp (13 damage)
             ... with a puff of frost
             ... on level 6 of the Dungeon.
             The game lasted 00:09:50 (5517 turns).

Plasmagod the Magician (Djinni Ice Elementalist)    Turns: 5517, Time: 00:09:51

Health: -6/50      AC:  4    Str:  7    XL:     8   Next: 36%
Gold:   142        EV: 12    Int: 21    God:
                   SH:  0    Dex: 14

rFire   + + .      SeeInvis .    (no weapon)
rCold   x . .      Faith    .    (no shield)
rNeg    . . .      Spirit   .    s - +1 robe "Bycoiph" {Int+2}
rPois   ∞          Reflect  .    a - +1 hat
rElec   .          Harm     .    (no cloak)
rCorr   +          Rampage  .    (no gloves)
Will    +....                    (boots unavailable)
Stlth   ++........               (no amulet)
HPRegen 0.16/turn                o - ring of willpower
MPRegen 0.00/turn                c - ring of resist corrosion

@: flying
A: sickness immunity, fire resistance 2, cold vulnerability 1, float, innate
caster, HP casting, extra vitality 1
a: no special abilities


You were on level 6 of the Dungeon.
You visited 1 branch of the dungeon, and saw 6 of its levels.

You collected 142 gold pieces.

Inventory:

Armour
 a - a +1 hat (worn)
 s - the +1 robe "Bycoiph" (worn) {Int+2}
   (You found it on level 5 of the Dungeon)

   Int:       It affects your intelligence (+2).
Jewellery
 c - a ring of resist corrosion (right hand)
 o - a ring of willpower (left hand)
Scrolls
 d - a scroll of amnesia {unknown}
 e - a scroll of teleportation {unknown}
 h - a scroll of magic mapping {unknown}
 j - a scroll of torment {unknown}
 l - 2 scrolls of blinking {unknown}
 m - a scroll of vulnerability {unknown}
 t - 2 scrolls of silence {unknown}
 u - a scroll of enchant armour {unknown}
Potions
 b - a potion of berserk rage {unknown}
 f - a potion of resistance {unknown}
 g - a potion of haste {unknown}
 i - a potion of heal wounds {unknown}
 k - a potion of might {unknown}
 n - a potion of flight {unknown}
 p - a potion of brilliance {unknown}
 q - a potion of curing
 r - a potion of invisibility {unknown}


   Skills:
 - Level 2.1 Dodging
 - Level 1.5 Stealth
 + Level 7.8 Spellcasting


You had 5 spell levels left.
You knew the following spells:

 Your Spells              Type           Power      Damage    Failure   Level
a - Freeze                Ice            100%       1d11      1%          1
b - Frozen Ramparts       Ice            80%        1d13      1%          3
c - Ozocubu's Armour      Ice            40%        N/A       1%          3
d - Hailstorm             Conj/Ice       40%        3d10      3%          4
e - Apportation           Tloc           80%        N/A       1%          1
f - Call Imp              Summ           40%        N/A       1%          2
g - Summon Guardian Gole  Hex/Summ       40%        N/A       1%          3
Your spell library was empty.

Dungeon Overview and Level Annotations

Branches:
Dungeon (6/15)
 Temple: D:4-7

Altars:
Dithmenos
Hepliaklqana
Makhleb
Wu Jian
Xom
Yredelemnul
Zin


Innate Abilities, Weirdness & Mutations

You are immune to sickness and miasma.
You are immune to poison.
Your flesh is very heat resistant. (rF++)
You are vulnerable to cold. (rC-)
You float through the air rather than walking.
You learn spells naturally, not from books.
Your magical power is your life essence.
You have superior vitality. (+4 MHP)


Message History

What are your orders? t - Shout!
Orders for allies: a - Attack new target. p - Attack previous target. r - Retreat! s - Stop attacking. g - Guard the area. f - Follow me.
Anything else - Cancel.
Gang up on whom?
Press: ? - help, Dir - move target, f/p - white imp
Aim: a white imp (moderately wounded, ally target) Attack!
The white imp resists.
The wall freezes the white imp.
The white imp hits you but does no damage.
Your magical contamination has completely faded away.
The white imp resists.
The wall freezes the white imp.
The white imp barely misses you.
Your icy armour and frozen ramparts will break if you move.
Continue?
Your icy armour cracks and falls away as you move.
The frozen ramparts melt away as you move.
An orc comes into view.
It is wielding a +0 falchion and carrying a wand of charming (2).
The white imp closely misses you. The white imp gestures at you.
The puff of frost misses you. The white imp gestures at you.
The puff of frost hits you!
You feel a terrible chill!
* * * LOW HITPOINT WARNING * * *
The white imp gestures at you. The puff of frost hits you!
You feel a terrible chill!
* * * LOW HITPOINT WARNING * * *
It was a potion of curing.
You feel better.
The orc warrior hits your guardian golem with a +0 glaive!
The orc warrior hits your guardian golem with a +0 glaive!
Your guardian golem overheats!
The white imp gestures at you. The puff of frost hits you!
You feel a terrible chill!
* * * LOW HITPOINT WARNING * * *
Okay, then.
You feel better.
The orc warrior hits your guardian golem but does no damage.
The white imp gestures at you. The puff of frost hits you!
You feel a terrible chill!
You die...

.#.... .# ...#....
...# ...... #.# .o
.#.....##.##.##
..............
.............
..........))
.........#.#
.........#)######
..........oo95.@#
........###>###.#
..#.........#
##.###### #...#....
............ .
#.[.####........<....#
#...####...#..........
#......#...#..........
#.....................
#...≈≈≈≈≈≈≈≈≈.........
#...≈.......≈..<......


You could see an orc warrior, an orc wizard, a white imp (ally target) and a
friendly guardian golem (summoned, inner flame).

Vanquished Creatures
  Sigmund (D:4)
  2 ogres
  A centaur (D:6)
  2 scorpions
  2 hounds
  An orc priest (D:6)
  3 iguanas
  4 adders
  An ufetubus (D:5)
  A dart slug (D:1)
  14 orcs
  4 ball pythons
  7 endoplasms
  3 giant cockroaches
  6 goblins
  3 hobgoblins
  2 jackals (D:1)
  3 quokkas
  3 bats
  2 frilled lizards (D:3)
  2 kobolds
  4 rats
71 creatures vanquished.

Vanquished Creatures (collateral kills)
  An ogre (D:4)
  An orc (D:3)
2 creatures vanquished.

Vanquished Creatures (others)
  An ogre (D:5)
1 creature vanquished.

Grand Total: 74 creatures vanquished

Notes
Turn   | Place    | Note
-------+----------+-------------------------------------------
     0 | D:1      | Plasmagod the Djinni Ice Elementalist began the quest for
                  | the Orb.
     0 | D:1      | Plasmagod set off with the following spells memorised:
                  | Freeze, Frozen Ramparts, Ozocubu's Armour, Hailstorm.
     0 | D:1      | Reached XP level 1. HP: 15/15 MP: 0/0
     1 | D:1      | Noticed an electric eel
   525 | D:1      | Reached XP level 2. HP: 17/21 MP: 0/0
  1307 | D:1      | Reached XP level 3. HP: 22/25 MP: 0/0
  1307 | D:1      | Learned a level 1 spell: Apportation
  1737 | D:2      | You are sucked into a shaft and drop 2 floors!
  1739 | D:4      | Noticed a scorpion
  1744 | D:4      | Killed a scorpion
  1745 | D:4      | Reached skill level 4 in Spellcasting
  1745 | D:4      | Reached XP level 4. HP: 9/31 MP: 0/0
  2299 | D:3      | Found a basalt altar of Yredelemnul.
  2355 | D:3      | Found a shadowy altar of Dithmenos.
  2392 | D:3      | Reached XP level 5. HP: 32/35 MP: 0/0
  2392 | D:3      | Learned a level 2 spell: Call Imp
  2465 | D:3      | Reached skill level 5 in Spellcasting
  3268 | D:4      | Noticed an ogre
  3272 | D:4      | Killed an ogre
  3273 | D:4      | Reached XP level 6. HP: 30/40 MP: 0/0
  3369 | D:4      | Noticed an ogre
  3375 | D:4      | Killed an ogre
  3502 | D:4      | Reached skill level 6 in Spellcasting
  3555 | D:4      | Noticed Sigmund
  3567 | D:4      | Killed Sigmund
  3568 | D:4      | Reached XP level 7. HP: 37/45 MP: 0/0
  3568 | D:4      | Learned a level 3 spell: Summon Guardian Golem
  3677 | D:4      | Found a shimmering altar of Xom.
  4227 | D:5      | Entered Level 5 of the Dungeon
  4262 | D:5      | Identified the +2 leather armour of Honesty {Will+ Int+5
                  | Dex-4 SInv}
  4437 | D:5      | Identified the +1 robe "Bycoiph" {Int+2}
  4672 | D:5      | Found a glowing silver altar of Zin.
  4784 | D:5      | Reached skill level 7 in Spellcasting
  4805 | D:5      | Found an ornate altar of the Wu Jian Council.
  4805 | D:5      | Found a burning altar of Makhleb.
  5131 | D:5      | Reached XP level 8. HP: 8/50 MP: 0/0
  5418 | D:6      | Found a hazy altar of Hepliaklqana.
  5516 | D:6      | HP: 1/50 [white imp/puff of frost (12)]
  5517 | D:6      | Killed from afar by a white imp

Illustrated notes

Levels and vault maps discovered:
D:1:      arrival_aquarium_a, layout_basic
D:2:      layout_basic, item_on_display_a
D:3:      layout_basic, mainiacjoe_overflow_24_doors,
          nicolae_overflow_crystal_walls
D:4:      layout_basic, overflow_temple_1_default, uniq_sigmund
D:5:      layout_loops_cross, zin_academy,
          chequers_temple_overflow_statue_of_worship,
          nicolae_concentric_dashed_squares_wild
D:6:      layout_rooms, mainiacjoe_overflow_brackets,
          minmay_temple_entry_sparse_star, item_on_display_a

Skill      XL: |  1  2  3  4  5  6  7 |
---------------+----------------------+-----
Spellcasting   | 4 5 6 7 |  7.8
Dodging        | |  2.1
Stealth        | |  1.5

Action                   |  1- 3 |  4- 6 |  7- 9 || total
-------------------------+-------+-------+-------++-------
Melee: Unarmed           |     1 |       |       ||     1
 Cast: Freeze            |    38 |    52 |    34 ||   124
       Frozen Ramparts   |       |     5 |     2 ||     7
       Call Imp          |       |     4 |     3 ||     7
       Ozocubu's Armour  |       |     4 |     6 ||    10
       Summon Guardian G |       |       |     3 ||     3
  Use: Potion            |       |       |     2 ||     2
Armor: Robe              |     5 |     7 |     7 ||    19
Dodge: Dodged            |    15 |    20 |    25 ||    60

Table legend: (Time is in decaauts)
 A = Elapsed time spent in this place.
 B = Non-inter-level travel time spent in this place.
 C = Inter-level travel time spent in this place.
 D = Time resting spent in this place.
 E = Time spent auto-exploring this place.
 F = Levels seen in this place.
 G = Mean time per level.
                   A        B        C        D        E       F      G
               +--------+--------+--------+--------+--------+-----+--------+
         Total |   5515 |   5324 |    191 |    480 |   4284 |   6 |  919.2 |
       Dungeon |   5515 |   5324 |    191 |    480 |   4284 |   6 |  919.2 |
               +--------+--------+--------+--------+--------+-----+--------+

Top non-repeatable levels by time:
     D:1: 1723 daAuts
     D:4: 1455 daAuts
     D:5: 1188 daAuts
     D:3: 1033 daAuts
     D:6: 101 daAuts
     D:2: 13 daAuts
